cohdb
Replays
Latest Replays
All Replays
Popular Replays
Top Player Replays
Match Explorer
How It Works
Community
CoH3 Stats
Reddit
Sign in to upload your games and track your stats! →
Sign in with Steam
Match 38576286
Unlisted
Match 38576286
Overview
Messages
Build Orders
End
Panzergrenadier Squad
Selects Italian Combined Arms Battlegroup
Selects Bersaglieri Squad
Bersaglieri Squad
Bersaglieri Squad
Construct Light Support Kompanie
2.5-tonne Medical Truck
Panzergrenadier Squad
Selects Bersaglieri Bolster
Construct Mechanized Kompanie
Selects Semovente da 75/18 Assault Gun
Assault Grenadier Squad
Veteran Squad Leaders
Semovente da 75/18 Assault Gun
Bersaglieri Squad
Selects Carro Armato M13/40 Light Tank
2.5-tonne Medical Truck
animegeek04
SparksTbh
Bruistablet
colonel_kraken
0
0
Comments
sign in to comment!
No comments posted yet!